 Dungeon Crawl Stone Soup version 0.30-a0-55-g90e3122c3a (webtiles) character file.

Game seed: 1153982380077132969

115234 LnG the Severer (level 16, -40/151 HPs)
             Began as a Hill Orc Fighter on Sept 9, 2022.
             Was a Follower of Uskayaw.
             Killed from afar by Jorgrun (63 damage)
             ... with an iron shot
             ... on level 1 of the Shoals.
             The game lasted 01:49:43 (38883 turns).

LnG the Severer (Hill Orc Fighter)                 Turns: 38883, Time: 01:49:44

Health: -40/151    AC: 23    Str: 37    XL:     16   Next: 68%
Magic:  16/16      EV:  7    Int: 11    God:    Uskayaw [*.....]
Gold:   1009       SH: 14    Dex: 12    Spells: 15/15 levels left

rFire   x . .      SeeInvis +    a - +7 war axe (flame)
rCold   + . .      Faith    .    o - +2 buckler of Ylaruem {SInv}
rNeg    + . .      Spirit   .    J - +0 plate armour of Loceb {rPois rF- Will+ Str+4}
rPois   +          Reflect  +    c - +0 helmet {Int+3}
rElec   +          Harm     .    N - +0 cloak
rCorr   .          Rampage  .    w - +0 pair of gloves
Will    ++...                    L - +0 pair of boots {Stlth+}
Stlth   +.........               U - amulet of reflection
HPRegen 0.35/turn                W - ring of Won Ewn {rElec rC+ rN+ Dex+2 SInv}
MPRegen 0.15/turn                Q - +6 ring of strength

@: grasped by roots, constricted, studying 2 skills
A: no striking features
a: Renounce Religion, Stomp


You were on level 1 of the Shoals.
You worshipped Uskayaw.
Uskayaw was noncommittal.
You visited 5 branches of the dungeon, and saw 23 of its levels.
You also visited: Ossuary and Ice Cave.

You collected 1545 gold pieces.
You spent 536 gold pieces at shops.

Inventory:

Hand Weapons
 a - a +7 war axe of flaming (weapon)
Missiles
 s - 3 boomerangs (quivered)
 G - a throwing net
Armour
 c - a +0 helmet of intelligence (worn)
 f - a +1 scale mail of cold resistance
 o - the +2 buckler of Ylaruem (worn) {SInv}
   (You acquired it on level 13 of the Dungeon)

   SInv:      It lets you see invisible.
 w - a +0 pair of gloves (worn)
 F - a +1 chain mail of fire resistance
 J - the +0 plate armour of Loceb (worn) {rPois rF- Will+ Str+4}
   (You took it off an orc warrior on level 6 of the Dungeon)

   Str:       It affects your strength (+4).
   rF:        It makes you vulnerable to fire.
   rPois:     It protects you from poison.
   Will:      It increases your willpower.
 L - a +0 pair of boots of stealth (worn)
 M - the +0 plate armour "Lowkim" {rN+ Int-2 Slay+2}
   (You found it on level 11 of the Dungeon)

   Int:       It affects your intelligence (-2).
   Slay:      It affects your accuracy & damage with ranged weapons and melee
   (+2).
   rN:        It protects you from negative energy.
 N - a +0 cloak (worn)
Jewellery
 g - a ring of resist corrosion
 B - a +4 ring of protection
 C - a ring of willpower
 H - a +6 ring of dexterity
 Q - a +6 ring of strength (right hand)
 U - an amulet of reflection (around neck)
 W - the ring of Won Ewn (left hand) {rElec rC+ rN+ Dex+2 SInv}
   (You acquired it on level 1 of the Lair of Beasts)

   [ring of protection from cold]

   Dex:       It affects your dexterity (+2).
   rC:        It protects you from cold.
   rElec:     It insulates you from electricity.
   rN:        It protects you from negative energy.
   SInv:      It lets you see invisible.
 Y - an amulet of guardian spirit
Wands
 e - a wand of mindburst (23)
 p - a wand of digging (11)
 y - a wand of paralysis (15)
 K - a wand of flame (14)
 P - a wand of light (6)
 Z - a wand of polymorph (2)
Scrolls
 d - 3 scrolls of vulnerability
 h - a scroll of silence {unknown}
 i - a scroll of amnesia
 l - 5 scrolls of fog
 n - 5 scrolls of poison
 q - a scroll of blinking
 r - 3 scrolls of immolation
 u - 3 scrolls of fear {unknown}
 R - 5 scrolls of enchant armour {unknown}
 S - 4 scrolls of magic mapping
 V - a scroll of summoning {unknown}
 X - a scroll of teleportation
Potions
 j - 6 potions of lignification
 k - 3 potions of brilliance {unknown}
 m - 2 potions of resistance {unknown}
 t - 4 potions of invisibility {unknown}
 v - 3 potions of cancellation {unknown}
 x - 6 potions of flight
 z - 3 potions of ambrosia
 A - 6 potions of haste
 D - 14 potions of curing
 E - 3 potions of mutation {unknown}
 I - 5 potions of heal wounds
 O - 2 potions of magic
 T - 3 potions of berserk rage {unknown}


   Skills:
 + Level 15.8 Fighting
 + Level 19.2 Axes
 + Level 5.6 Throwing
 + Level 14.8 Armour
 + Level 4.4 Dodging
 + Level 11.4 Stealth
 + Level 11.9 Shields


You had 15 spell levels left.
You didn't know any spells.
Your spell library contained the following spells:

 Spells                   Type           Power      Damage    Failure   Level
 Foxfire                  Conj/Fire      0%         2x1d4     86%         1
 Magic Dart               Conj           0%         1d3       86%         1
 Necrotise                Necr           0%         1d4       86%         1
 Shock                    Conj/Air       0%         1d3       86%         1
 Sting                    Tmut/Pois      0%         1d3       86%         1
 Summon Small Mammal      Summ           0%         N/A       86%         1
 Blink                    Tloc           0%         N/A       95%         2
 Call Imp                 Summ           0%         N/A       95%         2
 Poisonous Vapours        Pois/Air       0%         N/A       95%         2
 Scorch                   Fire           0%         2d5       95%         2
 Static Discharge         Conj/Air       0%         3-3/arc   95%         2
 Call Canine Familiar     Summ           0%         N/A       99%         3
 Conjure Flame            Conj/Fire      0%         6-21      99%         3
 Dazzling Flash           Conj/Hex       0%         N/A       99%         3
 Ignite Poison            Fire/Tmut/Pois 0%         N/A       99%         3
 Inner Flame              Hex/Fire       0%         N/A       99%         3
 Lesser Beckoning         Tloc           0%         N/A       99%         3
 Mephitic Cloud           Conj/Pois/Air  0%         N/A       99%         3
 Summon Guardian Golem    Hex/Summ       0%         N/A       99%         3
 Swiftness                Air            0%         N/A       99%         3
 Tukima's Dance           Hex            0%         N/A       99%         3
 Vampiric Draining        Necr           0%         2d6       99%         3
 Airstrike                Air            0%         2d(0-16)  100%        4
 Dispel Undead            Necr           0%         3d6       100%        4
 Flame Wave               Conj/Fire      0%         2d4       100%        4
 Iskenderun's Mystic Bla  Conj/Tloc      0%         2d3       100%        4
 Olgreb's Toxic Radiance  Pois           0%         N/A       100%        4
 Passage of Golubria      Tloc           0%         N/A       100%        4
 Sticky Flame             Conj/Fire      0%         2d3       100%        4
 Agony                    Necr           0%         N/A       100%        5
 Freezing Cloud           Conj/Ice/Air   0%         6-21      100%        5
 Manifold Assault         Tloc           0%         N/A       100%        5
 Yara's Violent Unravell  Hex/Tmut       0%         3d3       100%        5
 Starburst                Conj/Fire      0%         6d3       100%        6
 Summon Cactus Giant      Summ           0%         N/A       100%        6
 Orb of Destruction       Conj           0%         9d5       100%        7
 Spellforged Servitor     Conj/Summ      0%         N/A       100%        7
 Storm Form               Tmut/Air       0%         N/A       100%        7


Dungeon Overview and Level Annotations

Branches:
Dungeon (15/15)            Temple (1/1) D:5            Lair (5/5) D:8
 Shoals (1/4) Lair:3        Snake (0/4) Lair:2        Slime (0/5) Lair:5
    Orc (0/2) D:9          Vaults (0/5) D:13         Depths (1/4) D:15
Ossuary (visited)           IceCv (visited)

Altars:
Ashenzari
Cheibriados
Dithmenos
Elyvilon
Fedhas
Gozag
Hepliaklqana
Kikubaaqudgha
Makhleb
Nemelex Xobeh
Okawaru
Qazlal
Ru
Sif Muna
Trog
Uskayaw
Vehumet
Wu Jian
Xom
Yredelemnul
Zin
The Shining One
Beogh

Shops:
D:8 :   D:10 *   D:13 =

Portals:
Hell: Depths:1

Annotations:
D:13 1 runed translucent door
D:14 Louise
Lair:2 exclusion: oklob plant
Shoals:1 Jorgrun


Message History

You slash Jorgrun! You burn Jorgrun.
Jorgrun is almost dead.
Jorgrun splashes around in the water.
Your unstable footing causes you to fumble your attack.
You block Jorgrun's attack.
Your unstable footing causes you to fumble your attack.
You barely miss Jorgrun.
Jorgrun is almost dead.
Jorgrun casts a spell at you.
You are slowing down.
Blink to where?
Press: ? - help, Dir - move target
As you read the scroll of blinking, it crumbles to dust.
Jorgrun points at you and mumbles some strange words.
Your limbs have turned to stone.
Jorgrun points at you and mumbles some strange words.
Roots burst forth from the earth!
The grasping roots grab you! The grasping roots constrict you!
* * * LOW HITPOINT WARNING * * *
You have turned to stone.
Jorgrun mutters some incantations to himself.
The grasping roots constrict you. The grasping roots constrict you!
* * * LOW HITPOINT WARNING * * *
You can no longer pass through a line of other dancers.
The grasping roots constrict you!
* * * LOW HITPOINT WARNING * * *
The grasping roots constrict you.
* * * LOW HITPOINT WARNING * * *
Jorgrun points next to you and mumbles some strange words.
The wall shatters!
The blast of rock fragments hits you but does no damage.
The grasping roots constrict you.
* * * LOW HITPOINT WARNING * * *
You turn to flesh and can move again.
The roots grasp on you weakens, but your attempt to escape fails.
Jorgrun gestures at you while chanting. The iron shot hits you!!!
You die...

≈≈≈≈≈≈≈≈≈≈≈≈≈≈≈≈≈≈
≈≈≈≈≈≈≈≈≈≈≈≈≈≈≈≈≈≈≈≈≈
≈≈≈≈≈≈≈≈≈≈≈≈≈≈≈≈≈≈~~~
≈≈~~~~~~~~≈≈≈~~~~~~~~
≈~~~~~~~~~~~~~~~~~~~~
≈~~~~~~~~~~~~~~~~~~.~
~~~~~~~~.~~~~~~~....~
~~~~~~.@..g~~~~~~....
~~~~..#####..~~~../#
~~~.. ####...~~..
~~~~ ##~~~~. ~~~ ~~~.
~~ ~~. ~ ~. .


You could see Jorgrun.

Vanquished Creatures
  Rupert (Lair:3)
  A lich (Depths:1)
  A fire giant (D:15)
  A frost giant (IceCv)
  3 stone giants
  A dire elephant (Lair:3)
  2 ettins (Depths:1)
  4 rakshasas
  An ice dragon (D:15)
  A vault guard (D:13)
  Josephine (Lair:3)
  Erolcha (D:9)
  Harold (D:10)
  A hell beast (Depths:1)
  4 boulder beetles
  6 catoblepae
  6 hydras
  4 centaur warriors
  7 two-headed ogres
  A tengu warrior (D:10)
  14 death yaks
  2 deep troll earth magi
  An alligator (Lair:3)
  Nergalle (Lair:3)
  A fire crab (Lair:3)
  3 skeletal warriors (D:15)
  4 iron trolls (D:15)
  2 deep trolls (Depths:1)
  A quicksilver dragon simulacrum (Depths:1)
  A necromancer (D:13)
  4 deep elf pyromancers
  15 ugly things
  3 cyclopes
  5 manticores
  A salamander (shapeshifter) (D:15)
  A guardian serpent (D:14)
  An ice statue (IceCv)
  10 elephants
  A torpor snail (Lair:4)
  4 black mambas
  3 gargoyles
  9 cane toads
  11 rime drakes
  6 yaktaurs
  A freezing wraith (D:12)
  3 tengu conjurers
  An efreet (D:14)
  9 komodo dragons
  2 kobold demonologists
  8 polar bears
  2 trolls
  15 slime creatures
  A hornet (Lair:3)
  Prince Ribbit (D:7)
  A wind drake (Lair:3)
  10 blink frogs
  A centaur simulacrum (D:15)
  A vampire (D:11)
  Sigmund (D:4)
  4 wraiths
  2 water elementals (D:13)
  13 wyverns
  A yak (shapeshifter) (D:13)
  A fire elemental (Lair:3)
  24 humans
  Eustachio (D:6)
  81 yaks
  The ghost of dcgrp the Caller, an amateur FeSu of Gozag (D:6)
  10 basilisks
  3 steam dragons
  7 vampire mosquitoes
  5 nagas (Lair:2)
  3 wargs
  Duvessa (D:6)
  3 acid dragons
  12 water moccasins
  2 ice beasts
  4 black bears
  9 orc warriors
  2 sky beasts
  4 boggarts
  17 wolves
  7 centaurs
  4 kobold brigands (D:9)
  3 elf zombies (D:6)
  11 bullfrogs
  A gnoll sergeant (D:8)
  An elf skeleton (D:6)
  7 water moccasin zombies (Ossuary)
  3 wights (D:9)
  Dowan (D:6)
  16 killer bees
  3 howler monkeys
  9 electric eels
  A hound (D:6)
  6 orc priests
  A jelly (D:7)
  An iguana (D:6)
  Jessica (D:3)
  A human skeleton (D:6)
  12 orc wizards
  6 hell rats
  2 mummies (Ossuary)
  Robin (D:2)
  8 adders
  A shadow imp (D:6)
  3 white imps
  An ufetubus (D:6)
  3 adder zombies (Ossuary)
  2 dart slugs (D:5)
  54 orcs
  3 bats
  9 endoplasms
  5 giant cockroaches
  A gnoll zombie (Ossuary)
  12 goblins
  10 hobgoblins
  11 jackals
  31 kobolds
  3 quokkas
  11 ball pythons
  3 hobgoblin zombies (Ossuary)
  4 kobold zombies (Ossuary)
  An orc skeleton (D:6)
  6 orc zombies (Ossuary)
  5 rats
  A spectral hobgoblin (D:2)
  A plant (Lair:4)
706 creatures vanquished.

Vanquished Creatures (others)
  A manticore (D:13)
  A hornet (Lair:3)
  15 fungi
  73 plants
90 creatures vanquished.

Grand Total: 796 creatures vanquished

Notes
Turn   | Place    | Note
-------+----------+-------------------------------------------
     0 | D:1      | LnG the Hill Orc Fighter began the quest for the Orb.
     0 | D:1      | Reached XP level 1. HP: 19/19 MP: 1/1
   130 | D:1      | Reached XP level 2. HP: 23/27 MP: 2/2
   456 | D:1      | Reached skill level 3 in Axes
   558 | D:1      | Reached XP level 3. HP: 33/33 MP: 3/3
   928 | D:2      | Found a faded altar of an unknown god.
  1160 | D:2      | Reached skill level 4 in Axes
  1160 | D:2      | Reached XP level 4. HP: 40/40 MP: 4/4
  1211 | D:2      | Noticed Robin
  1223 | D:2      | Killed Robin
  1710 | D:3      | Found a shimmering altar of Xom.
  2210 | D:3      | Reached XP level 5. HP: 47/47 MP: 5/5
  2246 | D:3      | Found an ancient bone altar of Kikubaaqudgha.
  2445 | D:3      | Reached skill level 5 in Axes
  2450 | D:3      | Noticed Jessica
  2455 | D:3      | Killed Jessica
  2912 | D:4      | Noticed Sigmund
  2930 | D:4      | Killed Sigmund
  2931 | D:4      | Reached skill level 7 in Axes
  2931 | D:4      | Reached XP level 6. HP: 30/53 MP: 6/6
  3086 | D:4      | Noticed a +0 hand axe
  3087 | D:4      | Found a hide-covered altar of Uskayaw.
  3088 | D:4      | Noticed a +0 dagger
  3099 | D:4      | Became a worshipper of Uskayaw the Reveller
  3149 | D:4      | Reached * piety under Uskayaw
  3737 | D:5      | Entered Level 5 of the Dungeon
  3762 | D:5      | Noticed an ice beast
  3769 | D:5      | Reached ** piety under Uskayaw
  3770 | D:5      | Reached *** piety under Uskayaw
  3771 | D:5      | Killed an ice beast
  3772 | D:5      | Reached XP level 7. HP: 45/60 MP: 7/7
  3860 | D:5      | Reached skill level 8 in Axes
  4163 | D:5      | Reached skill level 5 in Fighting
  4169 | D:5      | Reached **** piety under Uskayaw
  4399 | D:5      | Found an iron altar of Okawaru.
  4449 | D:5      | Found a staircase to the Ecumenical Temple.
  4454 | Temple   | Entered the Ecumenical Temple
  4968 | D:6      | Noticed Duvessa
  4968 | D:6      | Noticed Dowan
  4992 | D:6      | Killed Duvessa
  4993 | D:6      | Reached skill level 1 in Dodging
  4995 | D:6      | Killed Dowan
  5264 | D:6      | Reached skill level 9 in Axes
  5264 | D:6      | Reached skill level 5 in Armour
  5264 | D:6      | Reached XP level 8. HP: 54/68 MP: 8/8
  5280 | D:6      | Found a sand-covered staircase.
  5286 | Ossuary  | Entered an ossuary
  5546 | Ossuary  | Reached skill level 1 in Stealth
  5686 | Ossuary  | Reached skill level 10 in Axes
  6003 | D:6      | Found a runed translucent gate.
  6005 | D:6      | Noticed dcgrp's ghost (amateur FeSu)
  6007 | D:6      | Identified the +2 robe of Marbles {Stlth+}
  6008 | D:6      | Found a runed translucent gate.
  6011 | D:6      | Identified the +0 plate armour of Loceb {rPois rF- Will+
                  | Str+4}
  6020 | D:6      | Found a broken altar of Ashenzari.
  6056 | D:6      | Reached skill level 11 in Axes
  6056 | D:6      | Reached XP level 9. HP: 60/75 MP: 9/9
  6144 | D:6      | Found a blossoming altar of Fedhas.
  6434 | D:6      | Noticed Eustachio
  6454 | D:6      | Killed Eustachio
  6566 | D:6      | Found a basalt altar of Yredelemnul.
  6633 | D:6      | Found a runed translucent gate.
  6641 | D:6      | Found a roughly hewn altar of Beogh.
  7107 | D:7      | Found a stormy altar of Qazlal.
  7593 | D:7      | Reached skill level 5 in Shields
  7769 | D:7      | Noticed Prince Ribbit
  7809 | D:7      | Killed Prince Ribbit
  7810 | D:7      | Reached skill level 12 in Axes
  7853 | D:7      | Found a snail-covered altar of Cheibriados.
  8252 | D:7      | Reached skill level 1 in Throwing
  8328 | D:8      | Found a staircase to the Lair.
  8330 | D:8      | You fall into a shaft and drop 1 floor!
  8340 | D:9      | Reached XP level 10. HP: 72/86 MP: 10/10
  8348 | D:9      | Reached ***** piety under Uskayaw
  9272 | D:8      | Found Micw's Self-Improvement Boutique.
 10069 | D:8      | Reached skill level 13 in Axes
 10072 | D:8      | Noticed a two-headed ogre
 10135 | D:8      | Noticed a deep elf pyromancer
 10511 | D:8      | Found a shimmering blue altar of Sif Muna.
 11032 | D:9      | Found a staircase to the Orcish Mines.
 11530 | D:9      | Noticed a lindwurm
 11574 | D:9      | Noticed a lindwurm
 11623 | D:9      | Noticed a lindwurm
 11664 | D:9      | Noticed a lindwurm
 12470 | D:10     | Entered Level 10 of the Dungeon
 12471 | D:10     | Noticed Harold
 12481 | D:9      | Reached XP level 11. HP: 73/95 MP: 11/11
 12681 | D:10     | Noticed Erolcha
 12726 | D:9      | Killed Erolcha
 12759 | D:10     | Killed Harold
 12760 | D:10     | Reached skill level 14 in Axes
 13150 | D:10     | Reached skill level 5 in Stealth
 13159 | D:10     | Noticed a two-headed ogre
 13175 | D:9      | Killed a two-headed ogre
 13398 | D:10     | Found a sparkling altar of Nemelex Xobeh.
 13858 | D:10     | Found Ypsojibu's Assorted Antiques.
 13883 | D:10     | Bought a scroll of identify for 56 gold pieces
 14532 | D:11     | Noticed a cyan ugly thing
 14539 | D:11     | Killed a cyan ugly thing
 14990 | D:11     | Noticed a tengu warrior
 14991 | D:11     | Noticed a deep elf pyromancer
 15029 | D:10     | Killed a tengu warrior
 15301 | D:11     | Noticed a two-headed ogre
 15303 | D:11     | Noticed a deep elf pyromancer
 15304 | D:11     | Killed a deep elf pyromancer
 15560 | D:11     | Identified the +0 plate armour "Lowkim" {rN+ Int-2 Slay+2}
 15673 | D:11     | Noticed a two-headed ogre
 15680 | D:11     | Killed a two-headed ogre
 15681 | D:11     | Reached skill level 15 in Axes
 15776 | D:12     | Reached XP level 12. HP: 63/106 MP: 12/12
 15986 | D:12     | Noticed a two-headed ogre
 15996 | D:12     | Killed a two-headed ogre
 15997 | D:12     | Reached skill level 10 in Fighting
 16324 | D:12     | Reached skill level 10 in Armour
 16488 | D:12     | Noticed a seven-headed hydra
 16489 | D:12     | Noticed a two-headed ogre
 16527 | D:11     | Killed a one-headed hydra
 16819 | D:12     | Killed a two-headed ogre
 17325 | D:13     | Reached skill level 16 in Axes
 17334 | D:13     | Noticed a centaur warrior
 18696 | D:13     | Killed a centaur warrior
 18856 | D:13     | Found Mulafaax's Jewellery Boutique.
 18879 | D:13     | Bought an amulet of reflection for 480 gold pieces
 18985 | D:13     | Identified a scroll of acquirement
 18986 | D:13     | Acquired the +2 buckler of Ylaruem {SInv}
 19207 | D:13     | Noticed a two-headed ogre
 19271 | D:13     | Found a runed translucent door.
 19278 | D:13     | Killed a two-headed ogre
 19279 | D:13     | Noticed a centaur warrior
 19280 | D:13     | Noticed a tengu reaver
 19933 | D:13     | Noticed a sun demon
 19942 | D:13     | Reached XP level 13. HP: 116/116 MP: 13/13
 20055 | D:13     | Reached ****** piety under Uskayaw
 20065 | D:13     | Found a gate to the Vaults.
 20065 | D:13     | Noticed a vault guard
 20079 | D:13     | Killed a vault guard
 21429 | D:6      | Killed dcgrp's ghost
 21910 | D:6      | Identified the +1 quarterstaff "Waiske" {spect, *Noise
                  | rPois MP+9 Str+4}
 23261 | D:14     | Found a sacrificial altar of Ru.
 23689 | D:14     | Noticed Louise
 24442 | D:15     | Entered Level 15 of the Dungeon
 24507 | D:15     | Reached XP level 14. HP: 82/127 MP: 14/14
 24512 | D:15     | Reached skill level 17 in Axes
 25345 | D:15     | Found a staircase to the Depths.
 25346 | D:15     | Noticed a fire giant
 25523 | D:15     | Killed a fire giant
 26186 | Depths:1 | Entered Level 1 of the Depths
 26242 | Depths:1 | Noticed a stone giant
 26303 | D:15     | Killed a stone giant
 26404 | Depths:1 | Noticed a lich
 26665 | Depths:1 | Killed a lich
 27007 | Depths:1 | Noticed a stone giant
 27041 | Depths:1 | Noticed a stone giant
 27049 | Depths:1 | Killed a stone giant
 28017 | Lair:1   | Entered Level 1 of the Lair of Beasts
 28741 | Lair:1   | Reached skill level 10 in Shields
 29041 | Lair:1   | Acquired the ring of Won Ewn {rElec rC+ rN+ Dex+2 SInv}
 29141 | Lair:2   | Found a staircase to the Snake Pit.
 30268 | Lair:2   | Reached XP level 15. HP: 128/137 MP: 15/15
 30325 | Lair:3   | Noticed Josephine
 30333 | Lair:3   | Killed Josephine
 30448 | Lair:3   | Noticed Nergalle
 30454 | Lair:3   | Killed Nergalle
 30673 | Lair:3   | Noticed Rupert
 30683 | Lair:3   | Killed Rupert
 30684 | Lair:3   | Reached skill level 18 in Axes
 30684 | Lair:3   | Reached skill level 10 in Stealth
 31035 | Lair:3   | Found a staircase to the Shoals.
 32465 | Lair:4   | Identified the +6 morningstar "Wizaenoj" {vorpal, rF- rN++
                  | Dex+4}
 33646 | Lair:5   | Entered Level 5 of the Lair of Beasts
 33736 | Lair:5   | Found a frozen archway.
 33801 | IceCv    | Entered an ice cave
 33834 | IceCv    | Reached skill level 15 in Fighting
 34747 | IceCv    | Reached skill level 5 in Throwing
 34757 | IceCv    | Reached XP level 16. HP: 119/149 MP: 16/16
 36084 | Lair:5   | Reached skill level 19 in Axes
 36491 | Lair:5   | Found a staircase to the Slime Pits.
 38290 | Depths:1 | Found a gateway to Hell.
 38846 | Shoals:1 | Entered Level 1 of the Shoals
 38848 | Shoals:1 | Noticed Jorgrun
 38883 | Shoals:1 | Killed from afar by Jorgrun

Illustrated notes

Levels and vault maps discovered:
D:1:      wander_arrival_chamber, layout_loops_ring
D:2:      layout_basic, dreamdust_ecumenical_altar_drowned_temple,
          serial_bayou_pond_c, uniq_robin
D:3:      layout_basic, lemuel_crystal_altar, mainiacjoe_overflow_tiny_flanked,
          serial_bayou_lake_a, uniq_jessica
D:4:      layout_basic, dancing_weapons_uskayaw, uniq_sigmund
D:5:      nicolae_cairo_tiling_large_dashed, layout_cave_pools,
          okawaru_ov_weapons_minmay, minmay_temple_entry_wispy,
          minmay_misc_feat_columns
D:6:      layout_rooms, nicolae_ashenzari_skybound, mainiacjoe_overflow_paths,
          lemuel_tele_altar, biasface_ghost_orc_armoury, serial_bayou,
          serial_bayou_crossing, serial_bayou_pond_d, serial_bayou_pond_c,
          serial_bayou_pond_b, nicolae_ossuary_entry_catacombs, uniq_duvessa,
          uniq_eustachio
D:7:      layout_cave_pools, overflow_temple_1_default,
          nicolae_qazlal_scattered_showers, uniq_prince_ribbit1
D:8:      nzn_winding_woodlands_cross [nzn_winding_woodlands_5x15_sidewinder,
          nzn_winding_woodlands_5x15_sawtooth,
          nzn_winding_woodlands_5x15_lazy_stream,
          nzn_winding_woodlands_5x15_default,
          nzn_winding_woodlands_15x15_thick_spiral], layout_rooms,
          nicolae_sif_muna_condensation, erik_lair_orcish_takeover,
          amcnicky_mini_pool_small, nicolae_shop_self_help
D:9:      layout_gridville, erik_orc_4, minmay_lindwurm_lava
D:10:     layout_long_grid, nemelex_diamond_rough_becter, serial_shops,
          nicolae_shop_statue_plus, enter_bailey_5, uniq_harold, uniq_erolcha
D:11:     layout_rooms, minmay_radiant
D:12:     layout_roguey
D:13:     layout_basic, grunt_vaults_entry_tiered, nicolae_stop_n_shop_1,
          wad_hexagon
D:14:     layout_loops_ring, nicolae_ru_path_of_blood,
          fake_guardian_serpent_vault, uniq_louise
D:15:     grunt_enter_depths_giant_problem, layout_loops_corners,
          hangedman_decor_growths
Temple:   bh_familiar_temple
Lair:1:   layout_layer_cave, grunt_megastairs_1
Lair:2:   layout_cave_pods, minmay_snake_entry_guardpost_medium,
          minmay_lair_oklob_bushes
Lair:3:   layout_gridlike, minmay_shoals_entry_beasts,
          nicolae_lair_lakeside_cave, uniq_rupert, uniq_josephine, uniq_nergalle
Lair:4:   layout_roguey, special_room [special_room_mythical_zoo],
          wad_woods_river_01, infiniplex_staircase_pool
Lair:5:   evilmike_catoblepas_cave, layout_cave_pods, slime_entry_1,
          portal_ice_cave_entry_pillars_2, st_stairs_13,
          kilobyte_rumbling_trees, lemuel_fruit_tree, grunt_megastairs_4,
          infiniplex_staircase_pool_2
Shoals:1: layout_shoals, shoals_oasis, uniq_mlioglotl, uniq_jorgrun
Depths:1: layout_basic, abyss_entry_flame_altar, grunt_mini_vestibule,
          zin_statuary, grunt_megastairs_5, serial_bayou_shore_b

Skill      XL: |  1  2  3  4  5  6  7  8  9 10 11 12 13 14 15 16 |
---------------+-------------------------------------------------+-----
Fighting       | 4 5 6 7 8 9 11 12 13 15 | 15.8
Axes           | 3 4 7 9 11 12 13 15 16 17 18 19 | 19.2
Armour         | 4 5 6 7 8 9 11 12 13 14 | 14.8
Shields        | 4 5 6 7 8 10 11 | 11.9
Dodging        | 1 2 3 4 |  4.4
Stealth        | 1 3 4 5 7 8 9 10 11 | 11.4
Throwing       | 1 2 3 4 5 |  5.6

Action                   |  1- 3 |  4- 6 |  7- 9 | 10-12 | 13-15 | 16-18 || total
-------------------------+-------+-------+-------+-------+-------+-------++-------
Melee: War axe           |    94 |   120 |   337 |   437 |   811 |   283 ||  2082
Throw: Boomerang         |       |       |    13 |    45 |    64 |    15 ||   137
  Use: Potion            |       |     1 |     1 |       |     3 |     2 ||     7
       Scroll            |       |     7 |     8 |     9 |    12 |     4 ||    40
 Stab: Paralysed         |       |     1 |     9 |    41 |    86 |    21 ||   158
       Petrified         |       |       |       |       |     3 |       ||     3
Armor: Scale mail        |    48 |    66 |   152 |   107 |       |       ||   373
       Chain mail        |       |       |       |    20 |       |       ||    20
       Plate armour      |       |       |       |   105 |   283 |   103 ||   491
Dodge: Dodged            |    48 |    57 |   125 |   219 |   198 |    58 ||   705
Block: Buckler           |    16 |    31 |    49 |   116 |   359 |   116 ||   687
       Reflection        |       |       |       |     2 |    28 |     2 ||    32

Table legend: (Time is in decaauts)
 A = Elapsed time spent in this place.
 B = Non-inter-level travel time spent in this place.
 C = Inter-level travel time spent in this place.
 D = Time resting spent in this place.
 E = Time spent auto-exploring this place.
 F = Levels seen in this place.
 G = Mean time per level.
                   A        B        C        D        E       F      G
               +--------+--------+--------+--------+--------+-----+--------+
         Total |  38876 |  36604 |   2272 |  16253 |   9508 |  25 | 1555.0 |
       Dungeon |  28659 |  26740 |   1919 |  12845 |   6085 |  15 | 1910.6 |
        Temple |    169 |    157 |     12 |      0 |    152 |   1 |  169.0 |
          Lair |   7382 |   7042 |    340 |   1927 |   3223 |   5 | 1476.4 |
        Shoals |     31 |     31 |      0 |      0 |      0 |   1 |   31.0 |
        Depths |    773 |    773 |      0 |    295 |     45 |   1 |  773.0 |
       Ossuary |    483 |    483 |      0 |    281 |      0 |   1 |  483.0 |
      Ice Cave |   1375 |   1375 |      0 |    905 |      3 |   1 | 1375.0 |
               +--------+--------+--------+--------+--------+-----+--------+

Top non-repeatable levels by time:
    D:15: 4007 daAuts
    D:13: 2893 daAuts
    D:12: 2761 daAuts
     D:9: 2677 daAuts
     D:8: 2461 daAuts
     D:6: 2242 daAuts
  Lair:3: 1817 daAuts
    D:14: 1751 daAuts
     D:7: 1725 daAuts
  Lair:5: 1650 daAuts
    D:10: 1614 daAuts
  Lair:4: 1594 daAuts
    D:11: 1423 daAuts
   IceCv: 1375 daAuts
     D:4: 1264 daAuts
